 Dungeon Crawl Stone Soup version 0.28-a0-224-g76b539d98b (webtiles) character file.

Game seed: 6660438919681228423

11 timneilson the Shield-Bearer (level 2, -1/19 HPs)
             Began as a Gargoyle Fighter on Aug 21, 2021.
             Slain by a kobold (4 damage)
             ... on level 1 of the Dungeon.
             The game lasted 00:00:39 (753 turns).

timneilson the Shield-Bearer (Gargoyle Fighter)      Turns: 753, Time: 00:00:40

Health: -1/19      AC:  9    Str: 19    XL:     2   Next: 29%
Magic:  2/2        EV:  7    Int:  8    God:
Gold:   31         SH:  8    Dex:  9    Spells: 1/1 levels left

rFire   . . .      SeeInvis .   a - +0 long sword
rCold   . . .      Faith    .   c - +0 kite shield
rNeg    + . .      Spirit   .   b - +0 scale mail
rPois   ∞          Reflect  .   (no helmet)
rElec   +          Harm     .   (no cloak)
rCorr   .          Rampage  .   (no gloves)
Will    .....                   (no boots)
Stlth   ..........              (no amulet)
HPRegen 0.06/turn               (no ring)
MPRegen 0.08/turn               (no ring)

@: no status effects
A: sickness immunity, AC +2, negative energy resistance 1, electricity
resistance, torment resistance 1, petrification resistance
a: no special abilities


You were on level 1 of the Dungeon.
You visited 1 branch of the dungeon, and saw 1 of its levels.

You collected 31 gold pieces.

Inventory:

Hand Weapons
 a - a +0 long sword (weapon)
Armour
 b - a +0 scale mail (worn)
 c - a +0 kite shield (worn)
 e - a +0 plate armour
Scrolls
 f - a scroll of vulnerability {unknown}
 g - a scroll of enchant armour {unknown}
Potions
 d - a potion of might


   Skills:
 + Level 3.3 Fighting
 * Level 2.1 Long Blades
 * Level 3.4 Armour
 * Level 3.5 Shields


You had one spell level left.
You didn't know any spells.
Your spell library contained the following spells:

 Spells                   Type           Power      Damage    Failure   Level
 Animate Dead             Necr           0%         N/A       100%        4
 Haunt                    Necr/Summ      0%         N/A       100%        7
 Infestation              Necr           0%         N/A       100%        8


Dungeon Overview and Level Annotations

Branches:
Dungeon (1/15)

Altars:


Innate Abilities, Weirdness & Mutations

You are immune to sickness and miasma.
Your stone body is resilient. (AC +2)
You are immune to poison.
You resist negative energy. (rN+)
You are resistant to electric shocks. (rElec)
You are resistant to unholy torment.
You are immune to petrification.


Message History

You closely miss the kobold. The kobold hits you but does no damage.
The hobgoblin barely misses you.
You riposte.
Your shield and scale mail prevent you from hitting the hobgoblin.
The kobold hits you but does no damage. The hobgoblin barely misses you.
You closely miss the kobold. You block the kobold's attack.
The hobgoblin hits you but does no damage.
You closely miss the kobold. The kobold hits you with a +0 whip.
You block the hobgoblin's attack. The kobold hits you but does no damage.
The hobgoblin misses you.
You barely miss the kobold. The kobold hits you with a +0 whip.
You block the hobgoblin's attack. The kobold hits you but does no damage.
You are too injured to fight recklessly!
You are too injured to fight recklessly!
You are too injured to fight recklessly!
You are too injured to fight recklessly!
You are too injured to fight recklessly!
You are too injured to fight recklessly!
You are too injured to fight recklessly!
You are too injured to fight recklessly!
You are too injured to fight recklessly!
You are too injured to fight recklessly!
Unknown command.
You barely miss the hobgoblin. The hobgoblin hits you.
The kobold completely misses you.
You riposte.
You closely miss the kobold.
The hobgoblin hits you but does no damage.
You closely miss the hobgoblin. The kobold closely misses you.
You riposte.
You hit the kobold but do no damage. The hobgoblin hits you.
* * * LOW HITPOINT WARNING * * *
The kobold hits you but does no damage.
Unknown command.
Your scale mail prevents you from hitting the hobgoblin.
You block the hobgoblin's attack. The kobold closely misses you.
You block the hobgoblin's attack.
Unknown command.
You hit the kobold.
The kobold is moderately wounded.
You block the kobold's attack.
The hobgoblin hits you but does no damage.
The kobold hits you with a +0 whip.
You die...

.. .# ##.#### .......
....... ##########
.......
.........####K......
.........#..@g.....#
.........'..........
.........#.....#....
.........#.....# ##.
....##.........#
#................#
#...........###### ###
#...........###.## ##.##
+...........##...###...##


You could see a hobgoblin and a kobold.

Vanquished Creatures
  2 ball pythons (D:1)
  3 endoplasms (D:1)
  A goblin (D:1)
  A hobgoblin (D:1)
  A quokka (D:1)
  A bat (D:1)
  A rat (D:1)
10 creatures vanquished.

Notes
Turn   | Place    | Note
-------+----------+-------------------------------------------
     0 | D:1      | timneilson the Gargoyle Fighter began the quest for the
                  | Orb.
     0 | D:1      | Reached XP level 1. HP: 14/14 MP: 1/1
   381 | D:1      | Reached XP level 2. HP: 9/19 MP: 2/2
   753 | D:1      | Slain by a kobold

Illustrated notes

Levels and vault maps discovered:
D:1:      dpeg_arrival_rhombi, layout_basic, minmay_tetromino_l4

Skill      XL: |  1 |
---------------+----+-----
Long Blades    | 2 |  2.1
Fighting       | |  3.3
Armour         | |  3.4
Shields        | |  3.5

Action                   || total
-------------------------++-------
Melee: Long sword        ||    46
Armor: Scale mail        ||    35
Dodge: Dodged            ||    17
Block: Kite shield       ||    29
       Rpst.: Long sword ||     5

Table legend: (Time is in decaauts)
 A = Elapsed time spent in this place.
 B = Non-inter-level travel time spent in this place.
 C = Inter-level travel time spent in this place.
 D = Time resting spent in this place.
 E = Time spent auto-exploring this place.
 F = Levels seen in this place.
 G = Mean time per level.
                   A        B        C        D        E       F      G
               +--------+--------+--------+--------+--------+-----+--------+
         Total |    777 |    777 |      0 |      0 |    650 |   1 |  777.0 |
       Dungeon |    777 |    777 |      0 |      0 |    650 |   1 |  777.0 |
               +--------+--------+--------+--------+--------+-----+--------+

Top non-repeatable levels by time:
     D:1: 777 daAuts
